 Dungeon Crawl Stone Soup version 0.31-a0-496-g6f97920a28 (webtiles) character file.

Game seed: 6237823913586698960

62 javelincjr the Ruffian (level 3, -3/33 HPs)
             Began as a Troll Shapeshifter on Aug 8, 2023.
             Slain by Crazy Yiuf
             ... wielding a +4 quarterstaff of chaos
              (9 damage)
             ... on level 2 of the Dungeon.
             The game lasted 00:02:35 (1199 turns).

javelincjr the Ruffian (Troll Shapeshifter)         Turns: 1199, Time: 00:02:36

Health: -3/33      AC:  4    Str: 25    XL:     3   Next: 85%
Magic:  2/2        EV: 10    Int:  4    God:
Gold:   90         SH:  0    Dex: 10    Spells: 2/2 levels left

rFire   . . .        m - +3 dagger
rCold   . . .        (no shield)
rNeg    . . .        a - +0 animal skin
rPois   .            (helmet currently unavailable)
rElec   .            (cloak currently unavailable)
rCorr   .            (gloves unavailable)
SInv    .            (boots unavailable)
Will    .....        (no amulet)
Stlth   +            (no ring)
HPRegen 1.05/turn    (no ring)
MPRegen 0.08/turn

%: no passive effects
@: lethally poisoned (-3 -> -9), beast-form
A: beast (slay +2), large, unfitting armour, claws 3, regeneration 1, shaggy fur
1, tough skin 1
a: Begin Untransformation


You were on level 2 of the Dungeon.
You were a hulking beast.
You visited 1 branch of the dungeon, and saw 2 of its levels.

You collected 90 gold pieces.

Inventory:

Hand Weapons
 m - a +3 dagger (weapon)
Armour
 a - a +0 animal skin (worn)
Jewellery
 k - an amulet of faith
Talismans
 c - a beast talisman (active)
 d - a flux talisman
Scrolls
 e - 2 scrolls of teleportation {unknown}
 f - 2 scrolls of immolation {unknown}
 g - 2 scrolls of poison {unknown}
 j - 3 scrolls of identify {unknown}
Potions
 b - a potion of lignification
 h - 2 potions of curing {unknown}
 i - a potion of attraction {unknown}
 l - a potion of degeneration {unknown}
 n - a potion of mutation {unknown}
 o - a potion of might {unknown}


   Skills:
 + Level 1.5 Fighting
 + Level 2.1 Dodging
 + Level 3.5 Unarmed Combat
 + Level 3.3 Shapeshifting


You had 2 spell levels left.
You didn't know any spells.
Your spell library contained the following spells:

 Spells                   Type           Power      Damage    Failure   Level
 Ozocubu's Armour         Ice            0%         N/A       86%         3
 Ozocubu's Refrigeration  Ice            0%         4d7       100%        7


Dungeon Overview and Level Annotations

Branches:
Dungeon (2/15)

Altars:

Shops:
D:2 [

Annotations:
D:2 Crazy Yiuf


Innate Abilities, Weirdness & Mutations

You are a hulking beast.
Your limbs bulge with bestial killing power. (Slay +2)
You are too large for most types of armour.
You have claws for hands.
Your natural rate of healing is unusually fast.
You are covered in fur. (AC +1)
You have tough skin. (AC +1)


Message History

o - a fuming silvery potion You see here a worm corpse.
h - 2 metallic puce potions (gained 1)
A rat and a ball python come into view.
The ball python hisses angrily.
The rat bites you but does no damage.
You puncture the rat!
You kill the rat!
You barely miss the ball python. The ball python closely misses you.
You closely miss the ball python. The ball python closely misses you.
You puncture the ball python!
You kill the ball python!
No target in view!
No target in view!
No target in view!
j - 3 scrolls labelled ITWAITH OCSUNU (gained 1)
g - 2 scrolls labelled XOMEAT NOIS (gained 1)
Found a hammer.
Found a runed translucent door.
Crazy Yiuf shouts!
As you open the door, it creaks loudly!
Crazy Yiuf sings, "Trees, trees, trees, circus!"
You hit Crazy Yiuf.
Crazy Yiuf is lightly wounded.
Crazy Yiuf cries, "Pitchfork!"
Crazy Yiuf closely misses you.
You hit Crazy Yiuf.
Crazy Yiuf is moderately wounded.
Crazy Yiuf hits you with a +4 quarterstaff of chaos!
You are poisoned.
You barely miss Crazy Yiuf.
Crazy Yiuf is moderately wounded.
You feel very sick.
Crazy Yiuf hits you with a +4 quarterstaff of chaos!
* * * LOW HITPOINT WARNING * * *
You barely miss Crazy Yiuf.
Crazy Yiuf is moderately wounded.
* * * LOW HITPOINT WARNING * * *
You feel very sick.
Crazy Yiuf hits you with a +4 quarterstaff of chaos!
You die...

#...<.......
##.....รท....
##...#..... #####.....
##.... ######## #.....
### ###.#..#.###.....
#...##..#.............
#...gh####......##....
#)..### ##.#..####...
### ###### ####


You could see Crazy Yiuf.

Vanquished Creatures
  2 adders (D:2)
  A worm (D:2)
  A dart slug (D:2)
  2 endoplasms
  2 giant cockroaches (D:2)
  4 goblins
  3 hobgoblins (D:1)
  3 jackals (D:1)
  5 kobolds
  2 quokkas
  2 ball pythons (D:2)
  2 bats (D:1)
  3 frilled lizards (D:2)
  4 rats (D:2)
36 creatures vanquished.

Notes
Turn   | Place    | Note
-------+----------+-------------------------------------------
     0 | D:1      | javelincjr the Troll Shapeshifter began the quest for the
                  | Orb.
     0 | D:1      | Reached XP level 1. HP: 18/18 MP: 0/0
    44 | D:1      | Reached skill level 1 in Fighting
    52 | D:1      | Reached XP level 2. HP: 22/27 MP: 1/1
   828 | D:2      | Found Vybofose's Antique Armour Shop.
   850 | D:2      | Reached XP level 3. HP: 23/33 MP: 2/2
  1191 | D:2      | Found a runed translucent door.
  1192 | D:2      | Noticed Crazy Yiuf
  1199 | D:2      | Slain by Crazy Yiuf

Illustrated notes

Levels and vault maps discovered:
D:1:      dpeg_arrival_tiny_k, layout_basic, hex_intersection,
          nicolae_figureground_sparkle
D:2:      layout_rooms, serial_shops, nicolae_shop_just_a_little_nook,
          uniq_crazy_yiuf_cottage

Skill      XL: |  1  2 |
---------------+-------+-----
Fighting       | 1 |  1.5
Dodging        | 2 |  2.1
Unarmed Combat | |  3.5
Shapeshifting  | |  3.3

Action                     || total
---------------------------++-------
  Melee: Unarmed           ||    44
         Dagger            ||    33
         Punch             ||     3
   Stab: Sleeping          ||     2
 Armour: Animal skin       ||    25
  Dodge: Dodged            ||    21

Table legend: (Time is in decaauts)
 A = Elapsed time spent in this place.
 B = Non-inter-level travel time spent in this place.
 C = Inter-level travel time spent in this place.
 D = Time resting spent in this place.
 E = Time spent auto-exploring this place.
 F = Levels seen in this place.
 G = Mean time per level.
                   A        B        C        D        E       F      G
               +--------+--------+--------+--------+--------+-----+--------+
         Total |   1196 |   1147 |     49 |      0 |    953 |   2 |  598.0 |
       Dungeon |   1196 |   1147 |     49 |      0 |    953 |   2 |  598.0 |
               +--------+--------+--------+--------+--------+-----+--------+

Top non-repeatable levels by time:
     D:1: 787 daAuts
     D:2: 408 daAuts
